 Dungeon Crawl Stone Soup version 0.19.5 (webtiles) character file.

164 Jerry the Insei (level 5, -5/37 HPs)
             Began as an Octopode Monk on Apr 16, 2017.
             Slain by Purgy (7 damage)
             ... on level 3 of the Dungeon.
             The game lasted 00:05:23 (3315 turns).

Jerry the Insei (Octopode Monk)                     Turns: 3315, Time: 00:05:24

Health: -5/37      AC:  1    Str: 10    XL:     5   Next: 45%
Magic:  5/5        EV: 15    Int: 13    God:
Gold:   124        SH:  0    Dex: 15    Spells: 0 memorised, 4 levels left

rFire  . . .     SeeInvis .       - Unarmed
rCold  . . .     Gourm    .     (no shield)
rNeg   . . .     Faith    .     (helmet restricted)
rPois  .         Spirit   .     (no amulet)
rElec  .         Reflect  .     (no ring)
rCorr  .         Harm     .     (no ring)
MR     .....                    (no ring)
Stlth  +++.......               (no ring)
                                (no ring)
                                (no ring)
                                (no ring)
                                (no ring)

@: no status effects
A: almost no armour, stealthy swim, amphibious, 8 rings, constrict 8, camouflage
1, gelatinous body 1
a: no special abilities


You were on level 3 of the Dungeon.
You were hungry.

You visited 1 branch of the dungeon, and saw 3 of its levels.

You collected 124 gold pieces.

Inventory:

Armour
 o - a +0 buckler
Wands
 l - a wand of lightning (5/15)
Scrolls
 d - 4 scrolls of identify {unknown}
 f - 2 scrolls of noise {unknown}
 g - 2 scrolls of enchant weapon {unknown}
 h - 2 scrolls of fear {unknown}
 k - a scroll of recharging {unknown}
 m - 2 scrolls of enchant armour {unknown}
Potions
 b - a potion of brilliance {unknown}
 c - a potion of flight {unknown}
 e - 2 potions of curing {unknown}
 j - a potion of lignification {unknown}
Comestibles
 a - 2 bread rations
 i - a slice of pizza
 n - a chunk of flesh
 p - a royal jelly


   Skills:
 + Level 3.9 Fighting
 + Level 3.9 Dodging
 - Level 2.6 Stealth
 + Level 0.0 Shields
 * Level 4.7 Unarmed Combat


You had 4 spell levels left.
You didn't know any spells.

Dungeon Overview and Level Annotations

Branches:
Dungeon (3/15)

Altars:
Ashenzari

Annotations:
D:3 Purgy


Innate Abilities, Weirdness & Mutations

You cannot wear most types of armour.
You are very stealthy in the water. (Stealth+)
You are amphibious.
You can wear up to eight rings at the same time.
You can use your tentacles to constrict eight enemies at once.
Your skin changes colour to match your surroundings (Stealth+).
Your rubbery body absorbs attacks. (AC +1, EV +1)


Message History

Purgy bites you. Purgy misses you. Purgy barely misses you.
You closely miss Purgy. Your squeeze misses Purgy.
Purgy is moderately wounded.
Purgy bites you. Purgy closely misses you. Purgy barely misses you.
You tentacle-slap Purgy but do no damage.
Purgy is moderately wounded.
Purgy bites you!
* * * LOW HITPOINT WARNING * * *
Purgy closely misses you. Purgy misses you.
You miss Purgy. Your squeeze misses Purgy.
Purgy is moderately wounded.
Purgy bites you!
* * * LOW HITPOINT WARNING * * *
Purgy claws you.
* * * LOW HITPOINT WARNING * * *
Purgy misses you.
You closely miss Purgy.
Purgy is moderately wounded.
Purgy bites you!
You die...

.?.....######
#.....................#.
........................
#.................(.....
#.......................
#.....................#.
#.....................##
......T...............# . #.
##......@..............## #.#.
#.......................#
#.#.#####........)...............
.................................
...............................#.
.......##......................##
.#.#.#.##................รท......#
................................#
.#.#.#..#.......................#


You could see Purgy.

Vanquished Creatures
  Robin (D:2)
  6 adders
  2 oozes
  2 worms
  2 leopard geckos
  3 orcs (D:3)
  A ball python (D:2)
  12 bats
  2 giant cockroaches (D:1)
  12 goblins
  8 hobgoblins
  6 jackals
  7 kobolds
  A quokka (D:2)
  4 frilled lizards
  6 rats
75 creatures vanquished.

Notes
Turn   | Place    | Note
-------+----------+-------------------------------------------
     0 | D:1      | Jerry the Octopode Monk began the quest for the Orb.
     0 | D:1      | Reached XP level 1. HP: 16/16 MP: 1/1
   148 | D:1      | Reached XP level 2. HP: 21/21 MP: 2/2
   902 | D:1      | Reached XP level 3. HP: 21/26 MP: 3/3
  1650 | D:2      | Reached XP level 4. HP: 27/31 MP: 4/4
  1819 | D:2      | Reached skill level 4 in Unarmed Combat
  2104 | D:2      | Found a shattered altar of Ashenzari.
  2714 | D:3      | Reached XP level 5. HP: 18/36 MP: 5/5
  2886 | D:3      | Noticed Robin
  3023 | D:2      | Killed Robin
  3297 | D:3      | Noticed Purgy
  3315 | D:3      | Slain by Purgy

Skill      XL: |  1  2  3  4 |
---------------+-------------+-----
Unarmed Combat | 4 |  4.7
Fighting       | |  3.9
Dodging        | |  3.9
Stealth        | |  2.6

Action                   |  1- 3 |  4- 6 || total
-------------------------+-------+-------++-------
Melee: Unarmed           |    66 |   114 ||   180
       Constrict         |    18 |    29 ||    47
       Tentacles         |    12 |    14 ||    26
       Punch             |     3 |     1 ||     4
 Stab: Sleeping          |    15 |    11 ||    26
  Eat: Chunk             |     2 |     5 ||     7
Armor: Skin              |     6 |    13 ||    19
Dodge: Dodged            |    51 |    87 ||   138
